 Dungeon Crawl Stone Soup version 0.30-a0-54-g2e61a25929 (webtiles) character file.

Game seed: 14297261139369232664

1211 IdlyInterested the Shield-Bearer (level 8, -2/60 HPs)
             Began as a Formicid Fighter on Sept 8, 2022.
             Slain by Pikel
             ... wielding a +2 whip of electrocution
              (4 damage)
             ... on level 6 of the Dungeon.
             The game lasted 00:17:33 (5884 turns).

IdlyInterested the Shield-Bearer (Formicid Fighter) Turns: 5884, Time: 00:17:34

Health: -2/60      AC:  5    Str: 22    XL:     8   Next: 74%
Magic:  8/8        EV:  7    Int:  7    God:
Gold:   145        SH:  7    Dex: 21    Spells: 7/7 levels left

rFire   . . .      SeeInvis +    k - +0 quarterstaff
rCold   . . .      Faith    .    c - +0 buckler
rNeg    . . .      Spirit   .    m - +0 plate armour
rPois   .          Reflect  .    (helmet unavailable)
rElec   .          Harm     .    (no cloak)
rCorr   .          Rampage  .    z - +1 pair of gloves
Will    .....                    (no boots)
Stlth   ..........               r - amulet of the acrobat
HPRegen 0.20/turn                q - +6 ring of dexterity
MPRegen 0.11/turn                (no ring)

@: mighty, corroded, flying
A: permanent stasis, dig shafts and tunnels, antennae 3, four strong arms
a: Dig, Shaft Self


You were on level 6 of the Dungeon.
You visited 2 branches of the dungeon, and saw 7 of its levels.

You collected 283 gold pieces.
You spent 138 gold pieces at shops.

Inventory:

Hand Weapons
 a - a +0 war axe
 k - a +0 quarterstaff (weapon)
 s - a +0 trident
Missiles
 f - 3 javelins
 g - 3 atropa-tipped darts
 i - 5 poisoned darts (quivered)
Armour
 c - a +0 buckler (worn)
 m - a +0 plate armour (worn)
 z - a +1 pair of gloves (worn)
Magical Staves
 l - a staff of air
Jewellery
 q - a +6 ring of dexterity (left hand)
 r - an amulet of the acrobat (around neck)
 v - an amulet of guardian spirit
Scrolls
 o - 2 scrolls of amnesia
Potions
 e - 3 potions of flight
 h - a potion of lignification
 j - a potion of curing {unknown}
 p - a potion of attraction {unknown}
 u - a potion of magic {unknown}
 w - a potion of haste {unknown}
 x - 2 potions of mutation {unknown}


   Skills:
 - Level 4.0 Fighting
 - Level 5.0 Axes
 * Level 4.9 Staves
 - Level 3.2 Armour
 - Level 2.0 Dodging
 - Level 2.0 Stealth
 + Level 7.6 Shields
 - Level 2.0 Air Magic
 + Level 1.2 Evocations


You had 7 spell levels left.
You didn't know any spells.
Your spell library contained the following spells:

 Spells                   Type           Power      Damage    Failure   Level
 Foxfire                  Conj/Fire      0%         2x1d4     100%        1
 Slow                     Hex            0%         N/A       100%        1
 Sublimation of Blood     Necr           0%         N/A       100%        2
 Confusing Touch          Hex            0%         N/A       100%        3
 Conjure Flame            Conj/Fire      0%         6-21      100%        3
 Inner Flame              Hex/Fire       0%         N/A       100%        3
 Vampiric Draining        Necr           0%         2d6       100%        3
 Flame Wave               Conj/Fire      0%         2d4       100%        4
 Petrify                  Tmut/Erth      0%         N/A       100%        4
 Irradiate                Conj/Tmut      0%         3d11      100%        5
 Malign Gateway           Summ/Tloc      0%         N/A       100%        7
 Summon Horrible Things   Summ           0%         N/A       100%        8


Dungeon Overview and Level Annotations

Branches:
Dungeon (6/15)             Temple (1/1) D:4

Altars:
Cheibriados
Dithmenos
Elyvilon
Fedhas
Gozag
Hepliaklqana
Kikubaaqudgha
Makhleb
Nemelex Xobeh
Okawaru
Qazlal
Ru
Sif Muna
Trog
Vehumet
Wu Jian
Xom
Yredelemnul
Zin
The Shining One

Shops:
D:5 [

Annotations:
D:6 2 runed translucent doors, 2 transporters, Pikel; ytrimaz's ghost, novice DsBe


Innate Abilities, Weirdness & Mutations

You cannot be hasted, slowed, berserked, paralysed or teleported.
You can dig through walls and to a lower floor.
You have a pair of large antennae on your head. (SInv)
Your four strong arms can wield two-handed weapons with a shield.


Message History

You hit Pikel.
Pikel is heavily wounded.
Pikel closely misses you.
You hit Pikel.
Pikel is heavily wounded.
Pikel barely misses you.
You hit Pikel but do no damage.
Pikel is heavily wounded.
You block Pikel's attack.
You hit Pikel.
Pikel is heavily wounded.
You block Pikel's attack.
You hit Pikel.
Pikel is heavily wounded.
Pikel hits you with a +2 whip of electrocution!
You hit Pikel but do no damage.
Pikel is heavily wounded.
Pikel hits you but does no damage.
You closely miss Pikel.
Pikel is heavily wounded.
Pikel zaps a wand.
The bolt of acid hits you! The acid corrodes you!
You closely miss Pikel.
Pikel is heavily wounded.
Pikel zaps a wand.
The bolt of acid hits you!
* * * LOW HITPOINT WARNING * * *
The acid corrodes you!
You feel much better.
Pikel hits you with a +2 whip of electrocution!
You are electrocuted!
* * * LOW HITPOINT WARNING * * *
You aren't carrying any items that you can evoke.
You feel very buoyant.
You fly up into the air.
Pikel hits you with a +2 whip of electrocution.
* * * LOW HITPOINT WARNING * * *
You are electrocuted!
* * * LOW HITPOINT WARNING * * *
You feel very mighty all of a sudden.
Pikel hits you with a +2 whip of electrocution.
You die...

..#
P$©$P8#......#
..#
#######.###..#
...
..©..)..>#...#
...
.............##
...
..............##
#.
...........5...#
.
..........#{55#
.. .......##K##
... ....##..@##
.... ... #...#
... .........
........##
....$.### ... ..
.....# ..###++
##..# ..#....
#.. ..#./.


You could see Pikel and 2 lemures.

Vanquished Creatures
  An ice beast (D:6)
  A black bear (D:5)
  A centaur (D:5)
  2 ogres
  A phantom (D:6)
  2 necrophages
  A howler monkey (D:5)
  A jelly (D:4)
  4 hounds
  Jessica (D:2)
  2 iguanas
  4 orc wizards
  4 gnolls (D:5)
  7 adders
  3 worms
  12 dart slugs
  11 orcs
  4 ball pythons
  4 endoplasms
  5 giant cockroaches
  6 goblins
  6 hobgoblins
  11 kobolds
  2 quokkas (D:1)
  8 bats
  2 frilled lizards
  10 rats
116 creatures vanquished.

Vanquished Creatures (others)
  A plant (D:4)
1 creature vanquished.

Grand Total: 117 creatures vanquished

Notes
Turn   | Place    | Note
-------+----------+-------------------------------------------
     0 | D:1      | IdlyInterested the Formicid Fighter began the quest for the
                  | Orb.
     0 | D:1      | Reached XP level 1. HP: 18/18 MP: 1/1
   140 | D:1      | Reached XP level 2. HP: 24/24 MP: 2/2
   371 | D:1      | Reached XP level 3. HP: 29/29 MP: 3/3
   990 | D:2      | Noticed Jessica
  1001 | D:2      | Killed Jessica
  1002 | D:2      | Reached skill level 1 in Staves
  1002 | D:2      | Reached XP level 4. HP: 32/37 MP: 4/4
  1340 | D:2      | Reached XP level 5. HP: 38/42 MP: 5/5
  1624 | D:3      | Reached skill level 5 in Shields
  1813 | D:3      | Found a faded altar of an unknown god.
  1998 | D:3      | Reached skill level 1 in Dodging
  2006 | D:3      | Reached XP level 6. HP: 47/48 MP: 6/6
  2597 | D:4      | Noticed an ogre
  2604 | D:4      | Killed an ogre
  3251 | D:4      | Found a shadowy altar of Dithmenos.
  3266 | D:4      | Found a sacrificial altar of Ru.
  3283 | D:4      | Reached XP level 7. HP: 53/54 MP: 7/7
  3292 | D:4      | Found a staircase to the Ecumenical Temple.
  3303 | Temple   | Entered the Ecumenical Temple
  3652 | D:4      | Reached skill level 6 in Shields
  3786 | D:5      | Entered Level 5 of the Dungeon
  3840 | D:5      | Reached skill level 1 in Stealth
  3874 | D:5      | Found Roak's Armour Shop.
  4352 | D:5      | Reached skill level 1 in Air Magic
  4352 | D:5      | Reached XP level 8. HP: 54/60 MP: 8/8
  4808 | D:5      | Reached skill level 7 in Shields
  5334 | D:6      | Reached skill level 5 in Axes
  5456 | D:6      | Found a bloodstained altar of Trog.
  5467 | D:6      | Found a white marble altar of Elyvilon.
  5479 | D:6      | Reached skill level 1 in Evocations
  5556 | D:5      | Bought a +1 pair of gloves for 138 gold pieces
  5621 | D:6      | Noticed ytrimaz's ghost (novice DsBe)
  5631 | D:6      | Found a runed translucent gate.
  5631 | D:6      | Found a runed translucent gate.
  5766 | D:6      | Found an opulent altar of Gozag.
  5768 | D:6      | Found a shimmering altar of Xom.
  5768 | D:6      | Found a shimmering altar of Xom.
  5770 | D:6      | Found a white marble altar of Elyvilon.
  5770 | D:6      | Found an ornate altar of the Wu Jian Council.
  5770 | D:6      | Found an iron altar of Okawaru.
  5811 | D:6      | Noticed a kobold demonologist
  5814 | D:6      | Found a transporter.
  5826 | D:6      | Noticed a kobold demonologist
  5835 | D:6      | Found a transporter.
  5841 | D:6      | Noticed Pikel
  5883 | D:6      | HP: 2/60 [Pikel/+2 whip of electrocution (8)]
  5884 | D:6      | Slain by Pikel

Illustrated notes

Levels and vault maps discovered:
D:1:      lemuel_arrival_muddy, layout_rooms, grunt_decor_junction
D:2:      layout_rooms, minmay_mini_jars, uniq_jessica
D:3:      layout_loops_ring, dreamdust_ecumenical_altar_statues
D:4:      layout_loops_corners, mainiacjoe_overflow_small_starburst,
          nicolae_ru_awakened_eye, minmay_temple_entry_overgrown
D:5:      kennysheep_slugbush, layout_layer_cave, serial_shops,
          kennysheep_mini_moat
D:6:      gammafunk_wand_slinger, layout_cave_pools, doesnt_xom_only_xom,
          mainiacjoe_overflow_catwalk_spiral, gammafunk_ghost_split,
          uniq_menkaure, uniq_pikel
Temple:   hellmonk_temple_of_storms

Skill      XL: |  1  2  3  4  5  6  7  8 |
---------------+-------------------------+-----
Axes           | 3 4 5 |  5.0
Staves         | 1 2 3 4 |  4.9
Fighting       | 4 |  4.0
Shields        | 5 6 7 |  7.6
Dodging        | 1 2 |  2.0
Stealth        | 2 |  2.0
Air Magic      | 1 2 |  2.0
Evocations     | 1 |  1.2
Armour         | |  3.2

Action                   |  1- 3 |  4- 6 |  7- 9 || total
-------------------------+-------+-------+-------++-------
Melee: War axe           |    52 |    32 |    51 ||   135
       Quarterstaff      |    23 |    94 |   123 ||   240
Throw: Dart              |       |       |     5 ||     5
       Throwing net      |       |       |     2 ||     2
  Use: Scroll            |     4 |     5 |     2 ||    11
       Potion            |       |     3 |     6 ||     9
Armor: Scale mail        |    19 |       |       ||    19
       Plate armour      |    19 |    68 |   100 ||   187
Dodge: Dodged            |    31 |    31 |    72 ||   134
Block: Buckler           |    23 |    31 |    71 ||   125

Table legend: (Time is in decaauts)
 A = Elapsed time spent in this place.
 B = Non-inter-level travel time spent in this place.
 C = Inter-level travel time spent in this place.
 D = Time resting spent in this place.
 E = Time spent auto-exploring this place.
 F = Levels seen in this place.
 G = Mean time per level.
                   A        B        C        D        E       F      G
               +--------+--------+--------+--------+--------+-----+--------+
         Total |   6006 |   5334 |    672 |   1264 |   2693 |   7 |  858.0 |
       Dungeon |   5965 |   5293 |    672 |   1264 |   2671 |   6 |  994.2 |
        Temple |     40 |     40 |      0 |      0 |     22 |   1 |   40.0 |
               +--------+--------+--------+--------+--------+-----+--------+

Top non-repeatable levels by time:
     D:5: 1691 daAuts
     D:4: 1488 daAuts
     D:3: 872 daAuts
     D:2: 792 daAuts
     D:1: 692 daAuts
     D:6: 428 daAuts
  Temple: 40 daAuts
